Map: Whirlwind LE (Void)

Players

ShoWTimE - Winner!

  • Race: Protoss Protoss
  • Spawn Location: 1:00

JimRising

  • Race: Zerg Zerg
  • League: Grandmaster
  • Spawn Location: 5:00

Event: NationWars IV

VOD

Have the link to the VOD?

Description

Time

  • Played on: Jan. 7, 2017, 4:07 p.m.
  • Length: 6:45
Show
View Real Time Build Order
Export as new Build Order

ShoWTimE Protoss - Winner!

Build Orders: 1 Gate Expand, Oracle Opening, Phoenix Opening 

Get SALT Encoding   

  12  0:01  Probe (Chrono Boost)  
  13  0:11  Probe (Chrono Boost)  
  14  0:18  Pylon  
  14  0:22  Probe (Chrono Boost)  
  15  0:36  Probe (Chrono Boost)  
  15  0:40  Gateway  
  16  0:45  Assimilator  
  16  0:47  Probe (Chrono Boost)  
  17  0:58  Probe (Chrono Boost)  
  18  1:08  Probe (Chrono Boost)  
  19  1:21  Nexus  
  19  1:25  Probe (Chrono Boost)  
  20  1:34  Cybernetics Core  
  20  1:37  Probe (Chrono Boost)  
  21  1:44  Assimilator  
  21  1:47  Probe (Chrono Boost)  
  21  1:53  Pylon  
  22  1:58  Probe (Chrono Boost)  
  23  2:08  Adept  
  23  2:11  Warp Gate  
  23  2:12  Probe (Chrono Boost)  
  26  2:24  Probe (Chrono Boost)  
  27  2:34  Stargate  
  27  2:36  Probe (Chrono Boost)  
  28  2:37  Adept  
  28  2:39  Probe (Chrono Boost)  
  31  2:49  Probe x2 (Chrono Boost)  
  33  2:55  Gateway  
  33  3:00  Probe (Chrono Boost)  
  33  3:01  Probe (Chrono Boost)  
  35  3:06  Adept  
  35  3:11  Probe (Chrono Boost)  
  39  3:12  Oracle  
  39  3:13  Probe (Chrono Boost), Pylon  
  42  3:23  Probe (Chrono Boost)  
  42  3:26  Probe (Chrono Boost)  
  45  3:35  Probe (Chrono Boost)  
  45  3:38  Probe (Chrono Boost)  
  45  3:39  Pylon  
  46  3:45  Phoenix  
  46  3:47  Probe (Chrono Boost)  
  47  3:49  Probe (Chrono Boost)  
  50  3:55  Nexus  
  50  3:59  Probe (Chrono Boost)  
  51  4:03  Pylon  
  51  4:04  Probe (Chrono Boost)  
  54  4:10  Mothership Core (Chrono Boost)  
  54  4:16  Probe (Chrono Boost)  
  55  4:20  Twilight Council, Assimilator  
  55  4:26  Robotics Facility  
  55  4:28  Probe x2 (Chrono Boost)  
  57  4:41  Gateway x2  
  57  4:42  Gateway  
  57  4:44  Resonating Glaives  
  57  4:49  Gateway  
  57  4:52  Gateway  
  57  4:59  Gateway  
  57  5:03  Adept  
  57  5:06  Probe x2 (Chrono Boost)  
  61  5:10  Pylon  
  61  5:13  Warp Prism, Probe (Chrono Boost)  
  62  5:18  Probe (Chrono Boost)  
  65  5:22  Adept  
  65  5:27  Probe (Chrono Boost), Pylon  
  69  5:39  Adept x4  
  76  5:44  Adept x2  
  80  5:53  Pylon  
  80  6:10  Adept x2  
  80  6:11  Adept x6  
  93  6:19  Pylon  
  81  6:35  Adept x6  
  81  6:36  Adept x2  
Show
View Real Time Build Order
Export as new Build Order

JimRising Zerg 

Build Orders: Hatch First 

Get SALT Encoding   

  12  0:00  Drone  
  13  0:12  Overlord  
  13  0:17  Drone  
  14  0:30  Drone x2  
  14  0:34  Drone  
  17  0:54  Hatchery  
  17  0:55  Drone  
  17  0:57  Extractor  
  17  1:00  Drone  
  17  1:15  Spawning Pool  
  16  1:18  Drone  
  16  1:23  Drone  
  18  1:29  Drone  
  19  1:39  Overlord  
  19  1:49  Drone  
  20  2:01  Queen  
  20  2:05  Zergling x2  
  20  2:06  Drone  
  24  2:09  Queen  
  24  2:12  Metabolic Boost  
  26  2:17  Drone  
  26  2:19  Drone  
  28  2:27  Drone  
  29  2:30  Drone  
  30  2:41  Hatchery  
  29  2:44  Zergling x2  
  29  2:49  Queen  
  32  2:54  Overlord  
  32  2:57  Drone  
  32  2:58  Drone  
  34  3:07  Spore Crawler  
  34  3:11  Drone x2  
  34  3:12  Drone  
  37  3:13  Overlord  
  37  3:15  Drone x2  
  39  3:20  Drone x2  
  39  3:21  Drone  
  39  3:25  Drone  
  43  3:31  Evolution Chamber  
  42  3:35  Drone x2  
  42  3:36  Drone  
  42  3:40  Drone x2  
  47  3:45  Drone x3  
  50  3:50  Baneling Nest  
  50  3:53  Overlord  
  50  3:55  Zergling x4  
  50  3:56  Zergling x2  
  50  4:00  Zerg Melee Weapons Level 1  
  52  4:04  Spore Crawler, Drone  
  51  4:10  Spore Crawler  
  51  4:12  Spore Crawler  
  51  4:13  Drone x2  
  51  4:16  Queen  
  55  4:19  Drone x2  
  55  4:20  Drone x3  
  55  4:23  Spore Crawler  
  59  4:30  Overlord  
  59  4:34  Drone x2  
  59  4:35  Overlord x2  
  61  4:38  Lair  
  61  4:45  Overlord  
  61  4:51  Drone x3  
  64  4:53  Extractor  
  64  4:54  Extractor, Drone  
  64  4:55  Drone  
  64  4:59  Drone  
  65  5:05  Zergling x8  
  65  5:06  Zergling x4  
  71  5:12  Overlord  
  71  5:13  Extractor  
  71  5:14  Drone x3  
  72  5:17  Hatchery  
  72  5:21  Drone x2  
  73  5:26  Baneling x2  
  73  5:32  Drone x4  
  73  5:33  Drone x2  
  79  5:38  Drone  
  79  5:39  Hydralisk Den  
  79  5:40  Drone x2  
  79  5:41  Overlord x2  
  79  5:42  Overseer  
  80  5:43  Extractor  
  79  5:53  Overlord x2  
  79  5:56  Baneling x2  
  79  5:57  Baneling x2  
  79  5:58  Zergling x10  
  79  6:00  Zergling x2  
  84  6:04  Queen x2  
  84  6:05  Queen  
  84  6:07  Zergling x4  
  84  6:08  Baneling x2  
  84  6:09  Zergling x4  
  84  6:10  Zergling x2  
  93  6:18  Zergling x10  
  90  6:27  Zergling x6  
Tags
 
Add a new tag
Caveats
  • Supply blocks, unpowered buildings, or Contaminate may cause inaccurate times.
  • Supply counts are checked every 10 seconds.